Saguenéens vs Mustangs
Created - December 5, 2017 at 19:13
Goals
|
| Saguenéens |
2 |
3 |
2 |
7 |
| Mustangs |
1 |
0 |
3 |
4 |
|
Shots
|
| Saguenéens |
11 |
7 |
11 |
29 |
| Mustangs |
9 |
10 |
18 |
37 |
|
1st period
1. Saguenéens , Spencer Machacek 12 (Jaden Schwartz 2, Zac Rinaldo 24) at 0:12
2. Saguenéens , Rhett Rakhshani 11 (Juraj Mikus 18, Mason Raymond 19) at 11:10 (PP)
3. Mustangs , Mark Pysyk 2 (Jerome Samson 7, Alexei Marchenko 8) at 14:26
Penalties :
Denis Bodrov (Ham) for Hooking (Minor) at 5:12, Josh Jooris (Ham) for Holding (Minor) at 9:59, Spencer Machacek (Chi) for Hooking (Minor) at 18:58
2nd period
4. Saguenéens , Jerry D'Amigo 2 (Carl Hagelin 12, Jaden Schwartz 3) at 2:19
5. Saguenéens , Carl Hagelin 9 (Jerry D'Amigo 6) at 10:55
6. Saguenéens , Mason Raymond 15 (Nicholas Walters 1, Kevin Marshall 18) at 18:38
Penalties :
Nick Mattson (Chi) for Hooking (Minor) at 5:24
3rd period
7. Saguenéens , Jaden Schwartz 7 (Kevin Marshall 19, Zac Rinaldo 25) at 0:44
8. Mustangs , Josh Jooris 20 (Eric Wellwood 24, Mark Pysyk 7) at 1:24
9. Mustangs , Riley Sheahan 18 (Brady Skjei 11, Eric Wellwood 25) at 3:32 (PP)
10. Saguenéens , Juraj Mikus 9 (Mason Raymond 20, Jake McCabe 12) at 16:13
11. Mustangs , Josh Jooris 21 (Eric Wellwood 26, Scott Mayfield 4) at 19:11
Penalties :
Carl Hagelin (Chi) for Holding (Minor) at 2:58, Spencer Machacek (Chi) for Hooking (Minor) at 4:55, Cameron Gaunce (Ham) for Tripping (Minor) at 11:37
Goalie Stats
Martin Jones (Chi), 33 saves from 37 shots - (0.892), W, 3-0-0, 60:00 minutes
Peter Mannino (Ham), 11 saves from 14 shots - (0.786), L, 8-8-3, 29:05 minutes
Chet Pickard (Ham), 11 saves from 15 shots - (0.733), 30:55 minutes
Players Stats for Saguenéens
Player Name G A P +/- PIM S H SB GA TA FO MP PP MP PK MP
------------------------------------------------------------------------------------
Artur Gavrus 0 0 0 0 0 0 0 0 0 0 0/0 0:00 0:00 0:00
Brody Sutter 0 0 0 0 0 0 0 0 0 0 0/0 1:26 0:00 1:26
Carl Hagelin 1 1 2 1 2 3 1 0 2 0 0/0 11:59 0:00 0:00
Craig Cunningham 0 0 0 0 0 0 1 0 0 0 0/0 6:17 0:00 0:32
Henrik Samuelsson 0 0 0 0 0 2 0 0 0 0 0/2 6:28 0:00 0:00
Jaden Schwartz 1 2 3 1 0 4 2 1 1 0 4/8 24:53 1:51 4:13
Jake McCabe 0 1 1 3 0 1 0 0 0 0 0/0 27:54 3:01 3:54
Jerry D'Amigo 1 1 2 1 0 2 2 0 1 0 0/0 12:00 0:00 0:00
Juraj Mikus 1 1 2 1 0 1 2 1 0 0 8/15 16:24 3:08 0:00
Kevin Marshall 0 2 2 5 0 5 1 1 0 2 0/0 31:50 3:01 3:51
Mason Raymond 1 2 3 1 0 4 2 0 1 0 1/3 20:27 2:57 4:13
Mikhail Grigorenko 0 0 0 0 0 0 0 0 0 0 0/0 3:07 0:00 0:24
Nicholas Walters 0 1 1 2 0 0 1 0 0 0 0/0 11:55 0:00 0:15
Nick Mattson 0 0 0 -2 2 1 3 1 0 1 0/0 22:47 2:08 1:49
Patrick Sieloff 0 0 0 -2 0 1 1 1 0 0 0/0 21:55 2:08 3:01
Rhett Rakhshani 1 0 1 1 0 2 3 0 0 1 1/2 16:24 3:08 0:00
Spencer Machacek 1 0 1 1 4 2 2 0 0 0 0/0 19:58 2:01 0:40
Tanner Richard 0 0 0 1 0 1 1 0 0 0 1/5 12:00 0:00 0:00
Teemu Pulkkinen 0 0 0 0 0 0 0 0 0 0 0/0 4:36 0:21 0:00
Zac Rinaldo 0 2 2 1 0 0 1 1 0 1 11/27 21:05 2:01 1:46
Players Stats for Mustangs
Player Name G A P +/- PIM S H SB GA TA FO MP PP MP PK MP
------------------------------------------------------------------------------------
Alexei Marchenko 0 1 1 1 0 0 0 0 0 1 0/0 21:47 2:05 2:29
Andreas Athanasiou 0 0 0 -1 0 0 0 0 0 0 5/8 12:03 0:12 0:49
Andrew Shaw 0 0 0 -2 0 0 1 0 0 0 0/0 15:45 3:09 0:00
Brady Skjei 0 1 1 -3 0 2 0 8 0 0 0/0 26:07 4:26 2:37
Cameron Gaunce 0 0 0 -3 2 1 8 2 0 2 0/0 25:48 4:26 1:33
Curtis Hamilton 0 0 0 1 0 0 0 0 0 0 0/0 6:41 0:00 0:00
Denis Bodrov 0 0 0 -1 2 1 0 0 1 1 0/0 12:39 0:00 0:51
Eric Wellwood 0 3 3 -1 0 2 3 0 0 0 1/2 23:10 3:10 1:27
Jerome Samson 0 1 1 1 0 1 1 0 0 0 0/0 6:57 0:15 0:00
Jim O'Brien 0 0 0 -2 0 1 0 0 0 0 8/17 17:28 3:09 1:43
Josh Jooris 2 0 2 -1 2 6 1 1 1 0 2/4 22:14 3:07 1:07
Joshua Leivo 0 0 0 -1 0 2 0 1 1 0 0/0 10:42 0:12 0:00
Justin Williams 0 0 0 -1 0 3 1 1 0 0 0/0 10:29 0:00 0:00
Marcus Foligno 0 0 0 -2 0 3 4 1 0 0 0/2 18:20 3:09 2:35
Mark Pysyk 1 1 2 1 0 5 2 1 0 1 0/0 21:47 2:05 2:29
Rick Schofield 0 0 0 1 0 2 2 0 0 0 0/0 6:41 0:00 0:00
Riley Sheahan 1 0 1 -1 0 7 2 0 2 0 20/29 23:48 3:10 2:37
Scott Mayfield 0 1 1 -1 0 1 2 0 0 0 0/0 12:22 0:00 0:19
3 Stars
1 - Jaden Schwartz (Chi)
2 - Mason Raymond (Chi)
3 - Kevin Marshall (Chi)
Power Play
Saguenéens - 1 on 3 Attempt(s) - 33.33%
Mustangs - 1 on 4 Attempt(s) - 25.00%
Penalty Kill
Saguenéens - 3 on 4 Attempt(s) - 75.00%
- Score 0 goal in Penalty Kill
Mustangs - 2 on 3 Attempt(s) - 66.67%
- Score 0 goal in Penalty Kill
Team Stat
Saguenéens - Hits : 23 - Faceoff Wins : 26 - Blocked Shots : 6 - Penalty Minutes : 8
Mustangs - Hits : 27 - Faceoff Wins : 36 - Blocked Shots : 15 - Penalty Minutes : 6
Official
Referees : StPierre Justin and Dwyer Gord
Linesman : David Brisebois and Ryan Galloway
Game Notes
Peter Mannino enters game at 10:55 of 2nd period
Finance
Level 1 -- Attendance: 1493 (74.65%) -- Ticket Income $59,720
Level 2 -- Attendance: 806 (80.60%) -- Ticket Income $16,120
Total Attendance: 2299 (76.63%)
Total Ticket Income: $75,840
Other Income: $3,792
Total Income: $79,632
Saguenéens
5 vs 5 Forward
Center Left Wing Right Wing Time % Phy DF OF
1 Zac Rinaldo Jaden Schwartz Spencer Machacek 40 1 2 2
2 Juraj Mikus Mason Raymond Rhett Rakhshani 30 1 2 2
3 Tanner Richard Carl Hagelin Jerry D'Amigo 20 1 2 2
4 Henrik Samuelsson Craig Cunningham Jaden Schwartz 10 1 2 2
5 vs 5 Defense
Defense Defense Time % Phy DF OF
1 Kevin Marshall Jake McCabe 40 1 2 2
2 Nick Mattson Patrick Sieloff 30 1 2 2
3 Nicholas Walters Kevin Marshall 20 1 2 2
4 Jake McCabe Nick Mattson 10 1 2 2
PowerPlay Forward
Center Left Wing Right Wing Time % Phy DF OF
1 Zac Rinaldo Jaden Schwartz Spencer Machacek 60 1 2 2
2 Juraj Mikus Mason Raymond Rhett Rakhshani 40 1 2 2
PowerPlay Defense
Defense Defense Time % Phy DF OF
1 Kevin Marshall Jake McCabe 60 1 2 2
2 Nick Mattson Patrick Sieloff 40 1 2 2
Penalty Kill 4 Players Forward
Center Wing Time % Phy DF OF
1 Jaden Schwartz Mason Raymond 60 1 2 2
2 Zac Rinaldo Spencer Machacek 40 1 2 2
Penalty Kill 4 Players Defense
Defense Defense Time % Phy DF OF
1 Kevin Marshall Jake McCabe 60 1 2 2
2 Nick Mattson Patrick Sieloff 40 1 2 2
Penalty Kill - 3 Players Forward
Forward Time % Phy DF OF
1 Jaden Schwartz 60 1 2 2
2 Mason Raymond 40 1 2 2
Penalty Kill - 3 Players Defense
Defense Defense Time % Phy DF OF
1 Kevin Marshall Jake McCabe 60 1 2 2
2 Nick Mattson Patrick Sieloff 40 1 2 2
4 vs 4 Forward
Center Wing Time % Phy DF OF
1 Jaden Schwartz Mason Raymond 60 1 2 2
2 Zac Rinaldo Spencer Machacek 40 1 2 2
4 vs 4 Defense
Defense Defense Time % Phy DF OF
1 Kevin Marshall Jake McCabe 60 1 2 2
2 Nick Mattson Patrick Sieloff 40 1 2 2
Last Minutes Offensive
Center Left Wing Right Wing Defense Defense
Zac Rinaldo Jaden Schwartz Spencer Machacek Kevin Marshall Jake McCabe
Last Minutes Defensive
Center Left Wing Right Wing Defense Defense
Zac Rinaldo Jaden Schwartz Spencer Machacek Kevin Marshall Jake McCabe
Goaltenders
Starting : Martin Jones
Backup : Mike Smith
Extra Forwards
Normal : Teemu Pulkkinen, Mikhail Grigorenko, Brody Sutter - PP : Teemu Pulkkinen, Mikhail Grigorenko - PK : Brody Sutter
Extra Defensemen
Normal : Nicholas Walters, Patrick Sieloff, Kevin Marshall - PP : Nicholas Walters - PK : Patrick Sieloff, Kevin Marshall
Penalty Shots
Jaden Schwartz, Mason Raymond, Zac Rinaldo, Spencer Machacek, Juraj Mikus
Scratches
Brett Lebda (Broken Bone (Right Leg) Injury), Luke Witkowski (Right Eye Injury), Garret Sparks (Healthy)
Mustangs
5 vs 5 Forward
Center Left Wing Right Wing Time % Phy DF OF
1 Riley Sheahan Eric Wellwood Josh Jooris 40 1 2 2
2 Jim O'Brien Marcus Foligno Andrew Shaw 30 1 2 2
3 Andreas Athanasiou Joshua Leivo Justin Williams 20 1 2 2
4 Rick Schofield Curtis Hamilton Jerome Samson 10 1 2 2
5 vs 5 Defense
Defense Defense Time % Phy DF OF
1 Cameron Gaunce Brady Skjei 44 1 2 2
2 Alexei Marchenko Mark Pysyk 33 1 2 2
3 Denis Bodrov Scott Mayfield 23 1 2 2
4 Cameron Gaunce Brady Skjei 0 1 2 2
PowerPlay Forward
Center Left Wing Right Wing Time % Phy DF OF
1 Riley Sheahan Eric Wellwood Josh Jooris 60 1 2 2
2 Jim O'Brien Marcus Foligno Andrew Shaw 40 1 2 2
PowerPlay Defense
Defense Defense Time % Phy DF OF
1 Cameron Gaunce Brady Skjei 60 1 2 2
2 Alexei Marchenko Mark Pysyk 40 1 2 2
Penalty Kill 4 Players Forward
Center Wing Time % Phy DF OF
1 Riley Sheahan Marcus Foligno 60 1 2 2
2 Jim O'Brien Josh Jooris 40 1 2 2
Penalty Kill 4 Players Defense
Defense Defense Time % Phy DF OF
1 Cameron Gaunce Brady Skjei 60 1 2 2
2 Alexei Marchenko Mark Pysyk 40 1 2 2
Penalty Kill - 3 Players Forward
Forward Time % Phy DF OF
1 Riley Sheahan 60 1 2 2
2 Jim O'Brien 40 1 2 2
Penalty Kill - 3 Players Defense
Defense Defense Time % Phy DF OF
1 Cameron Gaunce Brady Skjei 60 1 2 2
2 Alexei Marchenko Mark Pysyk 40 1 2 2
4 vs 4 Forward
Center Wing Time % Phy DF OF
1 Riley Sheahan Marcus Foligno 60 1 2 2
2 Jim O'Brien Josh Jooris 40 1 2 2
4 vs 4 Defense
Defense Defense Time % Phy DF OF
1 Cameron Gaunce Brady Skjei 60 1 2 2
2 Alexei Marchenko Mark Pysyk 40 1 2 2
Last Minutes Offensive
Center Left Wing Right Wing Defense Defense
Riley Sheahan Marcus Foligno Josh Jooris Cameron Gaunce Brady Skjei
Last Minutes Defensive
Center Left Wing Right Wing Defense Defense
Riley Sheahan Marcus Foligno Josh Jooris Cameron Gaunce Brady Skjei
Goaltenders
Starting : Chet Pickard
Backup : Peter Mannino
Extra Forwards
Normal : Riley Sheahan, Andrew Shaw, Justin Williams - PP : Riley Sheahan, Andrew Shaw - PK : Marcus Foligno
Extra Defensemen
Normal : Cameron Gaunce, Alexei Marchenko, Denis Bodrov - PP : Cameron Gaunce - PK : Alexei Marchenko, Denis Bodrov
Penalty Shots
Andreas Athanasiou, Rick Schofield, Andrew Shaw, Marcus Foligno, Josh Jooris
Scratches
Roman Horak (Healthy), Dominik Uher (Healthy), Joe Finley (Healthy), Eric Knodel (Healthy), Matthew Finn (Healthy)
Danny Biega (Healthy), Raphael Bussieres (Healthy), Sam Kurker (Healthy), Max Gortz (Healthy), Riley Nash (Healthy)
Francis Paré (Healthy), Justin Peters (Healthy), Joacim Eriksson (Healthy)
% Time on Ice - Saguenéens
Lines # - Real PCT - Wanted PCT - Time Play
Normal Forward
1 - 36% - 40% - 17:19
2 - 27% - 30% - 13:16
3 - 25% - 20% - 12:00
4 - 12% - 10% - 5:45
Normal Defense
1 - 37% - 40% - 17:48
2 - 34% - 30% - 16:39
3 - 19% - 20% - 9:11
4 - 10% - 10% - 4:42
PP Forward
1 - 39% - 60% - 2:01
2 - 61% - 40% - 3:08
PP Defense
1 - 59% - 60% - 3:01
2 - 41% - 40% - 2:08
PK Forward
1 - 73% - 60% - 4:45
2 - 27% - 40% - 1:46
PK Defense
1 - 51% - 60% - 3:18
2 - 49% - 40% - 3:13
PK3 Forward
1 - 0% - 60%
2 - 0% - 40%
PK3 Defense
1 - 0% - 60%
2 - 0% - 40%
44 Forward
1 - 0% - 60%
2 - 0% - 40%
44 Defense
1 - 0% - 60%
2 - 0% - 40%
Last Minute Offensive - 0:00
Last Minute Defensive - 0:00
Total
Forward - 60:00
Defense - 60:00
|
% Time on Ice - Mustangs
Lines # - Real PCT - Wanted PCT - Time Play
Normal Forward
1 - 38% - 40% - 18:34
2 - 26% - 30% - 12:36
3 - 22% - 20% - 10:29
4 - 14% - 10% - 6:41
Normal Defense
1 - 41% - 44% - 20:01
2 - 36% - 33% - 17:13
3 - 23% - 23% - 11:06
4 - 0% - 0% - 0:00
PP Forward
1 - 52% - 60% - 3:22
2 - 48% - 40% - 3:09
PP Defense
1 - 68% - 60% - 4:26
2 - 32% - 40% - 2:05
PK Forward
1 - 67% - 60% - 3:26
2 - 33% - 40% - 1:43
PK Defense
1 - 52% - 60% - 2:40
2 - 48% - 40% - 2:29
PK3 Forward
1 - 0% - 60%
2 - 0% - 40%
PK3 Defense
1 - 0% - 60%
2 - 0% - 40%
44 Forward
1 - 0% - 60%
2 - 0% - 40%
44 Defense
1 - 0% - 60%
2 - 0% - 40%
Last Minute Offensive - 0:00
Last Minute Defensive - 0:00
Total
Forward - 60:00
Defense - 60:00
|
Play by Play
1st period
0:01 of 1st period - Zac Rinaldo wins face-off versus Riley Sheahan in neutral zone.
0:12 of 1st period - Wrist shot by Spencer Machacek.
0:12 of 1st period - Goal by Spencer Machacek - Saguenéens : 1 - Mustangs : 0.
0:13 of 1st period - Juraj Mikus wins face-off versus Jim O'Brien in neutral zone.
1:23 of 1st period - Nick Mattson is hit by Rick Schofield and loses puck.
1:32 of 1st period - Backhand shot by Rick Schofield.
1:32 of 1st period - Stopped by Martin Jones without a rebound.
1:33 of 1st period - Juraj Mikus wins face-off versus Marcus Foligno in Saguenéens zone.
2:07 of 1st period - Slapshot by Josh Jooris.
2:07 of 1st period - Stopped by Martin Jones with a rebound.
2:21 of 1st period - Zac Rinaldo is hit by Rick Schofield and loses puck.
2:32 of 1st period - Wrist shot by Rick Schofield.
2:32 of 1st period - Shot Misses the Net.
2:53 of 1st period - Cameron Gaunce is hit by Mason Raymond.
2:57 of 1st period - Cameron Gaunce is hit by Juraj Mikus.
3:11 of 1st period - Josh Jooris is hit by Jerry D'Amigo and loses puck.
3:46 of 1st period - Kevin Marshall is hit by Scott Mayfield and loses puck.
3:59 of 1st period - Mark Pysyk is hit by Mason Raymond and loses puck.
4:14 of 1st period - Zac Rinaldo is hit by Riley Sheahan and loses puck.
4:37 of 1st period - Snap shot by Carl Hagelin.
4:37 of 1st period - Shot Misses the Net.
5:12 of 1st period - Minor Penalty to Denis Bodrov for Hooking.
5:13 of 1st period - Jaden Schwartz wins face-off versus Riley Sheahan in Mustangs zone.
7:12 of 1st period - Penalty to Denis Bodrov is over, Denis Bodrov is back on ice.
7:37 of 1st period - Snap shot by Tanner Richard.
7:37 of 1st period - Shot Misses the Net.
8:23 of 1st period - Carl Hagelin is hit by Mark Pysyk and loses puck.
8:54 of 1st period - Wrist shot by Rick Schofield.
8:54 of 1st period - Shot Blocked by Juraj Mikus.
9:00 of 1st period - Denis Bodrov is hit by Rhett Rakhshani and loses puck.
9:24 of 1st period - Icing by Spencer Machacek.
9:25 of 1st period - Eric Wellwood wins face-off versus Zac Rinaldo in Saguenéens zone.
9:51 of 1st period - Kevin Marshall is hit by Cameron Gaunce and loses puck.
9:59 of 1st period - Minor Penalty to Josh Jooris for Holding.
10:00 of 1st period - Juraj Mikus wins face-off versus Riley Sheahan in Mustangs zone.
10:11 of 1st period - Wrist shot by Riley Sheahan.
10:11 of 1st period - Stopped by Martin Jones with a rebound.
10:40 of 1st period - Snap shot by Mason Raymond.
10:40 of 1st period - Shot Misses the Net.
10:42 of 1st period - Snap shot by Rhett Rakhshani.
10:42 of 1st period - Shot Misses the Net.
10:44 of 1st period - Slapshot by Kevin Marshall.
10:44 of 1st period - Deflect By Brady Skjei.
10:44 of 1st period - Stopped by Chet Pickard with a rebound.
10:46 of 1st period - Snap shot by Rhett Rakhshani.
10:46 of 1st period - Stopped by Chet Pickard with a rebound.
11:10 of 1st period - Slapshot by Juraj Mikus.
11:10 of 1st period - Deflect By Rhett Rakhshani.
11:10 of 1st period - Goal by Rhett Rakhshani - Saguenéens : 2 - Mustangs : 0.
11:11 of 1st period - Jim O'Brien wins face-off versus Zac Rinaldo in neutral zone.
11:24 of 1st period - Wrist shot by Spencer Machacek.
11:24 of 1st period - Stopped by Chet Pickard with a rebound.
11:41 of 1st period - Mark Pysyk is hit by Jerry D'Amigo and loses puck.
12:03 of 1st period - Wrist shot by Justin Williams.
12:03 of 1st period - Stopped by Martin Jones without a rebound.
12:04 of 1st period - Andreas Athanasiou wins face-off versus Zac Rinaldo in Saguenéens zone.
12:07 of 1st period - Snap shot by Justin Williams.
12:07 of 1st period - Stopped by Martin Jones with a rebound.
12:17 of 1st period - Snap shot by Jaden Schwartz.
12:17 of 1st period - Stopped by Chet Pickard without a rebound.
12:18 of 1st period - Josh Jooris wins face-off versus Juraj Mikus in Mustangs zone.
12:18 of 1st period - Josh Jooris is hit by Juraj Mikus.
12:58 of 1st period - Nick Mattson is hit by Cameron Gaunce and loses puck.
13:11 of 1st period - Snap shot by Carl Hagelin.
13:11 of 1st period - Deflect By Tanner Richard.
13:11 of 1st period - Stopped by Chet Pickard without a rebound.
13:12 of 1st period - Andreas Athanasiou wins face-off versus Tanner Richard in Mustangs zone.
13:12 of 1st period - Andreas Athanasiou is hit by Kevin Marshall.
14:02 of 1st period - Jake McCabe is hit by Marcus Foligno and loses puck.
14:24 of 1st period - Snap shot by Jerome Samson.
14:24 of 1st period - Shot Misses the Net.
14:26 of 1st period - Snap shot by Mark Pysyk.
14:26 of 1st period - Goal by Mark Pysyk - Saguenéens : 2 - Mustangs : 1.
14:27 of 1st period - Josh Jooris wins face-off versus Zac Rinaldo in neutral zone.
14:42 of 1st period - Wrist shot by Spencer Machacek.
14:42 of 1st period - Shot Blocked by Cameron Gaunce.
14:56 of 1st period - Wrist shot by Mason Raymond.
14:56 of 1st period - Stopped by Chet Pickard with a rebound.
14:58 of 1st period - Backhand shot by Kevin Marshall.
14:58 of 1st period - Stopped by Chet Pickard with a rebound.
15:00 of 1st period - Slapshot by Kevin Marshall.
15:00 of 1st period - Stopped by Chet Pickard with a rebound.
15:02 of 1st period - Snap shot by Nick Mattson.
15:02 of 1st period - Deflect By Juraj Mikus.
15:02 of 1st period - Shot Blocked by Marcus Foligno.
15:02 of 1st period - Puck is out of play.
15:03 of 1st period - Rhett Rakhshani wins face-off versus Jim O'Brien in Mustangs zone.
15:08 of 1st period - Slapshot by Mason Raymond.
15:08 of 1st period - Shot Misses the Net.
15:18 of 1st period - Wrist shot by Marcus Foligno.
15:18 of 1st period - Stopped by Martin Jones with a rebound.
15:33 of 1st period - Snap shot by Mark Pysyk.
15:33 of 1st period - Deflect By Riley Sheahan.
15:33 of 1st period - Shot Misses the Net.
15:33 of 1st period - Puck is out of play.
15:34 of 1st period - Riley Sheahan wins face-off versus Zac Rinaldo in Saguenéens zone.
16:02 of 1st period - Off-side.
16:03 of 1st period - Juraj Mikus wins face-off versus Marcus Foligno in neutral zone.
16:06 of 1st period - Andrew Shaw is hit by Nick Mattson and loses puck.
16:37 of 1st period - Icing by Eric Wellwood.
16:38 of 1st period - Riley Sheahan wins face-off versus Zac Rinaldo in Mustangs zone.
16:38 of 1st period - Riley Sheahan is hit by Zac Rinaldo.
16:53 of 1st period - Off-side.
16:54 of 1st period - Juraj Mikus wins face-off versus Andreas Athanasiou in neutral zone.
17:05 of 1st period - Backhand shot by Juraj Mikus.
17:05 of 1st period - Shot Misses the Net.
17:21 of 1st period - Alexei Marchenko is hit by Jaden Schwartz.
17:25 of 1st period - Snap shot by Mark Pysyk.
17:25 of 1st period - Deflect By Jaden Schwartz.
17:25 of 1st period - Stopped by Martin Jones with a rebound.
17:27 of 1st period - Wrist shot by Riley Sheahan.
17:27 of 1st period - Shot Misses the Net.
17:29 of 1st period - Snap shot by Josh Jooris.
17:29 of 1st period - Deflect By Eric Wellwood.
17:29 of 1st period - Deflect By Zac Rinaldo.
17:29 of 1st period - Stopped by Martin Jones without a rebound.
17:30 of 1st period - Zac Rinaldo wins face-off versus Jim O'Brien in Saguenéens zone.
17:37 of 1st period - Jim O'Brien is hit by Spencer Machacek and loses puck.
18:26 of 1st period - Snap shot by Tanner Richard.
18:26 of 1st period - Shot Hit the Post.
18:58 of 1st period - Minor Penalty to Spencer Machacek for Hooking.
18:59 of 1st period - Mason Raymond wins face-off versus Jim O'Brien in Saguenéens zone.
19:09 of 1st period - Slapshot by Mason Raymond.
19:09 of 1st period - Stopped by Chet Pickard with a rebound.
19:11 of 1st period - Slapshot by Kevin Marshall.
19:11 of 1st period - Shot Misses the Net.
19:13 of 1st period - Slapshot by Kevin Marshall.
19:13 of 1st period - Shot Blocked by Brady Skjei.
Goals for this period are 2 for Saguenéens vs 1 for Mustangs.
Shots for this period are 11 for Saguenéens vs 9 for Mustangs.
2nd period
0:01 of 2nd period - Jaden Schwartz wins face-off versus Riley Sheahan in neutral zone.
0:26 of 2nd period - Mason Raymond is hit by Cameron Gaunce and loses puck.
0:58 of 2nd period - Penalty to Spencer Machacek is over, Spencer Machacek is back on ice.
1:15 of 2nd period - Joshua Leivo is hit by Carl Hagelin and loses puck.
1:36 of 2nd period - Snap shot by Rhett Rakhshani.
1:36 of 2nd period - Shot Misses the Net.
1:42 of 2nd period - Rhett Rakhshani is hit by Cameron Gaunce and loses puck.
1:50 of 2nd period - Icing by Juraj Mikus.
1:51 of 2nd period - Jim O'Brien wins face-off versus Zac Rinaldo in Saguenéens zone.
1:52 of 2nd period - Wrist shot by Marcus Foligno.
1:52 of 2nd period - Shot Misses the Net.
2:06 of 2nd period - Wrist shot by Marcus Foligno.
2:06 of 2nd period - Stopped by Martin Jones with a rebound.
2:17 of 2nd period - Snap shot by Carl Hagelin.
2:17 of 2nd period - Shot Blocked by Josh Jooris.
2:19 of 2nd period - Wrist shot by Jerry D'Amigo.
2:19 of 2nd period - Goal by Jerry D'Amigo - Saguenéens : 3 - Mustangs : 1.
2:20 of 2nd period - Jim O'Brien wins face-off versus Zac Rinaldo in neutral zone.
2:47 of 2nd period - Josh Jooris is hit by Nick Mattson and loses puck.
3:05 of 2nd period - Icing by Brady Skjei.
3:06 of 2nd period - Tanner Richard wins face-off versus Andreas Athanasiou in Mustangs zone.
3:07 of 2nd period - Snap shot by Carl Hagelin.
3:07 of 2nd period - Stopped by Chet Pickard without a rebound.
3:08 of 2nd period - Andreas Athanasiou wins face-off versus Tanner Richard in Mustangs zone.
3:08 of 2nd period - Andreas Athanasiou is hit by Nick Mattson.
3:11 of 2nd period - Icing by Alexei Marchenko.
3:12 of 2nd period - Andreas Athanasiou wins face-off versus Tanner Richard in Mustangs zone.
3:27 of 2nd period - Wrist shot by Carl Hagelin.
3:27 of 2nd period - Shot Misses the Net.
3:29 of 2nd period - Slapshot by Patrick Sieloff.
3:29 of 2nd period - Deflect By Carl Hagelin.
3:29 of 2nd period - Shot Blocked by Mark Pysyk.
3:29 of 2nd period - Puck is out of play.
3:30 of 2nd period - Zac Rinaldo wins face-off versus Jim O'Brien in Mustangs zone.
3:34 of 2nd period - Icing by Cameron Gaunce.
3:35 of 2nd period - Zac Rinaldo wins face-off versus Jim O'Brien in Mustangs zone.
4:04 of 2nd period - Slapshot by Brady Skjei.
4:04 of 2nd period - Deflect By Mason Raymond.
4:04 of 2nd period - Stopped by Martin Jones without a rebound.
4:05 of 2nd period - Riley Sheahan wins face-off versus Mason Raymond in Saguenéens zone.
4:30 of 2nd period - Marcus Foligno is hit by Spencer Machacek.
5:15 of 2nd period - Slapshot by Denis Bodrov.
5:15 of 2nd period - Stopped by Martin Jones without a rebound.
5:16 of 2nd period - Riley Sheahan wins face-off versus Henrik Samuelsson in Saguenéens zone.
5:24 of 2nd period - Minor Penalty to Nick Mattson for Hooking.
5:25 of 2nd period - Jaden Schwartz wins face-off versus Riley Sheahan in Saguenéens zone.
5:25 of 2nd period - Jaden Schwartz is hit by Eric Wellwood.
7:24 of 2nd period - Penalty to Nick Mattson is over, Nick Mattson is back on ice.
7:40 of 2nd period - Snap shot by Jerry D'Amigo.
7:40 of 2nd period - Stopped by Chet Pickard without a rebound.
7:41 of 2nd period - Juraj Mikus wins face-off versus Andreas Athanasiou in Mustangs zone.
8:08 of 2nd period - Mark Pysyk is hit by Jaden Schwartz and loses puck.
8:28 of 2nd period - Slapshot by Mark Pysyk.
8:28 of 2nd period - Stopped by Martin Jones with a rebound.
8:30 of 2nd period - Snap shot by Eric Wellwood.
8:30 of 2nd period - Stopped by Martin Jones without a rebound.
8:31 of 2nd period - Riley Sheahan wins face-off versus Juraj Mikus in Saguenéens zone.
8:36 of 2nd period - Slapshot by Riley Sheahan.
8:36 of 2nd period - Stopped by Martin Jones without a rebound.
8:37 of 2nd period - Riley Sheahan wins face-off versus Rhett Rakhshani in Saguenéens zone.
8:40 of 2nd period - Snap shot by Josh Jooris.
8:40 of 2nd period - Shot Blocked by Patrick Sieloff.
9:32 of 2nd period - Slapshot by Brady Skjei.
9:32 of 2nd period - Shot Misses the Net.
10:39 of 2nd period - Snap shot by Joshua Leivo.
10:39 of 2nd period - Stopped by Martin Jones with a rebound.
10:55 of 2nd period - Slapshot by Carl Hagelin.
10:55 of 2nd period - Goal by Carl Hagelin - Saguenéens : 4 - Mustangs : 1.
10:55 of 2nd period - Peter Mannino enters game.
10:56 of 2nd period - Zac Rinaldo wins face-off versus Josh Jooris in neutral zone.
11:45 of 2nd period - Patrick Sieloff is hit by Jerome Samson and loses puck.
12:23 of 2nd period - Spencer Machacek is hit by Andrew Shaw and loses puck.
13:34 of 2nd period - Kevin Marshall is hit by Scott Mayfield and loses puck.
13:57 of 2nd period - Kevin Marshall is hit by Marcus Foligno and loses puck.
14:25 of 2nd period - Nicholas Walters is hit by Mark Pysyk and loses puck.
14:53 of 2nd period - Spencer Machacek is hit by Marcus Foligno and loses puck.
15:59 of 2nd period - Icing by Craig Cunningham.
16:00 of 2nd period - Jim O'Brien wins face-off versus Tanner Richard in Saguenéens zone.
16:52 of 2nd period - Snap shot by Juraj Mikus.
16:52 of 2nd period - Shot Misses the Net.
17:20 of 2nd period - Slapshot by Jerome Samson.
17:20 of 2nd period - Shot Misses the Net.
17:22 of 2nd period - Snap shot by Rick Schofield.
17:22 of 2nd period - Shot Misses the Net.
17:24 of 2nd period - Backhand shot by Brady Skjei.
17:24 of 2nd period - Shot Blocked by Nick Mattson.
17:26 of 2nd period - Snap shot by Jerome Samson.
17:26 of 2nd period - Stopped by Martin Jones with a rebound.
17:28 of 2nd period - Snap shot by Rick Schofield.
17:28 of 2nd period - Stopped by Martin Jones without a rebound.
17:29 of 2nd period - Riley Sheahan wins face-off versus Juraj Mikus in Saguenéens zone.
17:36 of 2nd period - Snap shot by Riley Sheahan.
17:36 of 2nd period - Stopped by Martin Jones with a rebound.
17:42 of 2nd period - Slapshot by Kevin Marshall.
17:42 of 2nd period - Stopped by Peter Mannino with a rebound.
17:44 of 2nd period - Backhand shot by Nicholas Walters.
17:44 of 2nd period - Shot Blocked by Brady Skjei.
17:56 of 2nd period - Spencer Machacek is hit by Cameron Gaunce and loses puck.
18:08 of 2nd period - Icing by Nicholas Walters.
18:09 of 2nd period - Jaden Schwartz wins face-off versus Riley Sheahan in Saguenéens zone.
18:24 of 2nd period - Snap shot by Eric Wellwood.
18:24 of 2nd period - Shot Blocked by Jaden Schwartz.
18:36 of 2nd period - Backhand shot by Kevin Marshall.
18:36 of 2nd period - Stopped by Peter Mannino with a rebound.
18:38 of 2nd period - Slapshot by Nicholas Walters.
18:38 of 2nd period - Deflect By Mason Raymond.
18:38 of 2nd period - Goal by Mason Raymond - Saguenéens : 5 - Mustangs : 1.
18:39 of 2nd period - Riley Sheahan wins face-off versus Zac Rinaldo in neutral zone.
19:10 of 2nd period - Snap shot by Marcus Foligno.
19:10 of 2nd period - Shot Misses the Net.
19:33 of 2nd period - Rick Schofield is hit by Tanner Richard and loses puck.
19:54 of 2nd period - Wrist shot by Riley Sheahan.
19:54 of 2nd period - Shot Misses the Net.
Goals for this period are 3 for Saguenéens vs 0 for Mustangs.
Shots for this period are 7 for Saguenéens vs 10 for Mustangs.
3rd period
0:01 of 3rd period - Riley Sheahan wins face-off versus Zac Rinaldo in neutral zone.
0:36 of 3rd period - Snap shot by Jaden Schwartz.
0:36 of 3rd period - Stopped by Peter Mannino with a rebound.
0:38 of 3rd period - Wrist shot by Kevin Marshall.
0:38 of 3rd period - Shot Blocked by Cameron Gaunce.
0:40 of 3rd period - Wrist shot by Zac Rinaldo.
0:40 of 3rd period - Shot Blocked by Brady Skjei.
0:44 of 3rd period - Snap shot by Jaden Schwartz.
0:44 of 3rd period - Goal by Jaden Schwartz - Saguenéens : 6 - Mustangs : 1.
0:45 of 3rd period - Jim O'Brien wins face-off versus Juraj Mikus in neutral zone.
0:49 of 3rd period - Off-side.
0:50 of 3rd period - Jim O'Brien wins face-off versus Juraj Mikus in neutral zone.
1:24 of 3rd period - Slapshot by Josh Jooris.
1:24 of 3rd period - Goal by Josh Jooris - Saguenéens : 6 - Mustangs : 2.
1:25 of 3rd period - Riley Sheahan wins face-off versus Zac Rinaldo in neutral zone.
1:56 of 3rd period - Wrist shot by Cameron Gaunce.
1:56 of 3rd period - Stopped by Martin Jones without a rebound.
1:57 of 3rd period - Juraj Mikus wins face-off versus Jim O'Brien in Saguenéens zone.
2:02 of 3rd period - Denis Bodrov is hit by Rhett Rakhshani and loses puck.
2:58 of 3rd period - Minor Penalty to Carl Hagelin for Holding.
2:59 of 3rd period - Riley Sheahan wins face-off versus Jaden Schwartz in Saguenéens zone.
3:14 of 3rd period - Off-side.
3:15 of 3rd period - Riley Sheahan wins face-off versus Jaden Schwartz in neutral zone.
3:20 of 3rd period - Snap shot by Josh Jooris.
3:20 of 3rd period - Stopped by Martin Jones with a rebound.
3:22 of 3rd period - Slapshot by Brady Skjei.
3:22 of 3rd period - Stopped by Martin Jones without a rebound.
3:23 of 3rd period - Riley Sheahan wins face-off versus Jaden Schwartz in Saguenéens zone.
3:32 of 3rd period - Snap shot by Riley Sheahan.
3:32 of 3rd period - Goal by Riley Sheahan - Saguenéens : 6 - Mustangs : 3.
3:33 of 3rd period - Zac Rinaldo wins face-off versus Riley Sheahan in neutral zone.
3:50 of 3rd period - Spencer Machacek is hit by Cameron Gaunce and loses puck.
4:40 of 3rd period - Snap shot by Jim O'Brien.
4:40 of 3rd period - Stopped by Martin Jones without a rebound.
4:41 of 3rd period - Andreas Athanasiou wins face-off versus Zac Rinaldo in Saguenéens zone.
4:42 of 3rd period - Snap shot by Justin Williams.
4:42 of 3rd period - Stopped by Martin Jones with a rebound.
4:46 of 3rd period - Slapshot by Joshua Leivo.
4:46 of 3rd period - Stopped by Martin Jones with a rebound.
4:55 of 3rd period - Minor Penalty to Spencer Machacek for Hooking.
4:56 of 3rd period - Riley Sheahan wins face-off versus Jaden Schwartz in Saguenéens zone.
5:30 of 3rd period - Wrist shot by Andrew Shaw.
5:30 of 3rd period - Shot Blocked by Zac Rinaldo.
5:32 of 3rd period - Snap shot by Cameron Gaunce.
5:32 of 3rd period - Deflect By Andrew Shaw.
5:32 of 3rd period - Shot Misses the Net.
5:32 of 3rd period - Puck is out of play.
5:33 of 3rd period - Zac Rinaldo wins face-off versus Jim O'Brien in Saguenéens zone.
6:02 of 3rd period - Slapshot by Jim O'Brien.
6:02 of 3rd period - Shot Misses the Net.
6:55 of 3rd period - Penalty to Spencer Machacek is over, Spencer Machacek is back on ice.
7:00 of 3rd period - Snap shot by Carl Hagelin.
7:00 of 3rd period - Shot Misses the Net.
7:02 of 3rd period - Snap shot by Patrick Sieloff.
7:02 of 3rd period - Shot Misses the Net.
7:04 of 3rd period - Slapshot by Patrick Sieloff.
7:04 of 3rd period - Shot Misses the Net.
7:06 of 3rd period - Snap shot by Carl Hagelin.
7:06 of 3rd period - Stopped by Peter Mannino with a rebound.
7:08 of 3rd period - Snap shot by Tanner Richard.
7:08 of 3rd period - Shot Misses the Net.
7:10 of 3rd period - Wrist shot by Carl Hagelin.
7:10 of 3rd period - Shot Misses the Net.
7:22 of 3rd period - Snap shot by Jaden Schwartz.
7:22 of 3rd period - Stopped by Peter Mannino with a rebound.
8:08 of 3rd period - Rhett Rakhshani is hit by Justin Williams and loses puck.
8:33 of 3rd period - Jake McCabe is hit by Eric Wellwood and loses puck.
8:57 of 3rd period - Scott Mayfield is hit by Nicholas Walters and loses puck.
9:25 of 3rd period - Eric Wellwood is hit by Craig Cunningham and loses puck.
9:54 of 3rd period - Andreas Athanasiou is hit by Patrick Sieloff and loses puck.
10:05 of 3rd period - Kevin Marshall is hit by Cameron Gaunce and loses puck.
10:28 of 3rd period - Mason Raymond is hit by Marcus Foligno and loses puck.
11:23 of 3rd period - Henrik Samuelsson is hit by Cameron Gaunce and loses puck.
11:37 of 3rd period - Minor Penalty to Cameron Gaunce for Tripping.
11:38 of 3rd period - Juraj Mikus wins face-off versus Riley Sheahan in Mustangs zone.
13:37 of 3rd period - Penalty to Cameron Gaunce is over, Cameron Gaunce is back on ice.
13:45 of 3rd period - Snap shot by Rick Schofield.
13:45 of 3rd period - Shot Blocked by Kevin Marshall.
14:34 of 3rd period - Icing by Henrik Samuelsson.
14:35 of 3rd period - Riley Sheahan wins face-off versus Henrik Samuelsson in Saguenéens zone.
15:00 of 3rd period - Slapshot by Craig Cunningham.
15:00 of 3rd period - Shot Blocked by Joshua Leivo.
15:02 of 3rd period - Wrist shot by Craig Cunningham.
15:02 of 3rd period - Shot Blocked by Brady Skjei.
15:04 of 3rd period - Wrist shot by Craig Cunningham.
15:04 of 3rd period - Shot Blocked by Justin Williams.
15:06 of 3rd period - Wrist shot by Teemu Pulkkinen.
15:06 of 3rd period - Shot Misses the Net.
15:08 of 3rd period - Snap shot by Craig Cunningham.
15:08 of 3rd period - Shot Blocked by Brady Skjei.
15:10 of 3rd period - Slapshot by Patrick Sieloff.
15:10 of 3rd period - Stopped by Peter Mannino with a rebound.
15:14 of 3rd period - Snap shot by Craig Cunningham.
15:14 of 3rd period - Shot Blocked by Brady Skjei.
15:16 of 3rd period - Slapshot by Henrik Samuelsson.
15:16 of 3rd period - Stopped by Peter Mannino with a rebound.
15:18 of 3rd period - Backhand shot by Henrik Samuelsson.
15:18 of 3rd period - Shot Blocked by Brady Skjei.
15:20 of 3rd period - Wrist shot by Craig Cunningham.
15:20 of 3rd period - Shot Misses the Net.
15:22 of 3rd period - Slapshot by Nick Mattson.
15:22 of 3rd period - Stopped by Peter Mannino with a rebound.
15:24 of 3rd period - Snap shot by Craig Cunningham.
15:24 of 3rd period - Shot Misses the Net.
15:26 of 3rd period - Slapshot by Nick Mattson.
15:26 of 3rd period - Deflect By Henrik Samuelsson.
15:26 of 3rd period - Stopped by Peter Mannino without a rebound.
15:27 of 3rd period - Riley Sheahan wins face-off versus Zac Rinaldo in Mustangs zone.
15:34 of 3rd period - Wrist shot by Mark Pysyk.
15:34 of 3rd period - Stopped by Martin Jones without a rebound.
15:35 of 3rd period - Zac Rinaldo wins face-off versus Eric Wellwood in Saguenéens zone.
15:35 of 3rd period - Zac Rinaldo is hit by Eric Wellwood.
15:55 of 3rd period - Snap shot by Mark Pysyk.
15:55 of 3rd period - Shot Misses the Net.
15:57 of 3rd period - Wrist shot by Riley Sheahan.
15:57 of 3rd period - Stopped by Martin Jones without a rebound.
15:58 of 3rd period - Jim O'Brien wins face-off versus Juraj Mikus in Saguenéens zone.
16:01 of 3rd period - Snap shot by Jim O'Brien.
16:01 of 3rd period - Shot Misses the Net.
16:13 of 3rd period - Slapshot by Juraj Mikus.
16:13 of 3rd period - Goal by Juraj Mikus - Saguenéens : 7 - Mustangs : 3.
16:14 of 3rd period - Zac Rinaldo wins face-off versus Josh Jooris in neutral zone.
16:23 of 3rd period - Snap shot by Spencer Machacek.
16:23 of 3rd period - Shot Blocked by Brady Skjei.
16:25 of 3rd period - Slapshot by Jake McCabe.
16:25 of 3rd period - Deflect By Cameron Gaunce.
16:25 of 3rd period - Stopped by Peter Mannino without a rebound.
16:26 of 3rd period - Riley Sheahan wins face-off versus Zac Rinaldo in Mustangs zone.
16:51 of 3rd period - Icing by Kevin Marshall.
16:52 of 3rd period - Jim O'Brien wins face-off versus Mason Raymond in Saguenéens zone.
16:59 of 3rd period - Wrist shot by Marcus Foligno.
16:59 of 3rd period - Stopped by Martin Jones without a rebound.
17:00 of 3rd period - Zac Rinaldo wins face-off versus Riley Sheahan in Saguenéens zone.
17:10 of 3rd period - Spencer Machacek is hit by Riley Sheahan and loses puck.
17:33 of 3rd period - Snap shot by Mason Raymond.
17:33 of 3rd period - Shot Misses the Net.
17:55 of 3rd period - Slapshot by Mark Pysyk.
17:55 of 3rd period - Stopped by Martin Jones with a rebound.
18:11 of 3rd period - Snap shot by Josh Jooris.
18:11 of 3rd period - Stopped by Martin Jones without a rebound.
18:12 of 3rd period - Riley Sheahan wins face-off versus Zac Rinaldo in Saguenéens zone.
18:23 of 3rd period - Snap shot by Riley Sheahan.
18:23 of 3rd period - Stopped by Martin Jones without a rebound.
18:24 of 3rd period - Riley Sheahan wins face-off versus Zac Rinaldo in Saguenéens zone.
18:37 of 3rd period - Slapshot by Riley Sheahan.
18:37 of 3rd period - Stopped by Martin Jones with a rebound.
18:56 of 3rd period - Snap shot by Mason Raymond.
18:56 of 3rd period - Stopped by Peter Mannino without a rebound.
18:57 of 3rd period - Riley Sheahan wins face-off versus Juraj Mikus in Mustangs zone.
18:57 of 3rd period - Riley Sheahan is hit by Rhett Rakhshani.
19:05 of 3rd period - Wrist shot by Josh Jooris.
19:05 of 3rd period - Stopped by Martin Jones with a rebound.
19:07 of 3rd period - Slapshot by Eric Wellwood.
19:07 of 3rd period - Shot Misses the Net.
19:09 of 3rd period - Slapshot by Scott Mayfield.
19:09 of 3rd period - Stopped by Martin Jones with a rebound.
19:11 of 3rd period - Wrist shot by Eric Wellwood.
19:11 of 3rd period - Deflect By Josh Jooris.
19:11 of 3rd period - Goal by Josh Jooris - Saguenéens : 7 - Mustangs : 4.
19:12 of 3rd period - Zac Rinaldo wins face-off versus Jim O'Brien in neutral zone.
19:37 of 3rd period - Juraj Mikus is hit by Josh Jooris and loses puck.
Goals for this period are 2 for Saguenéens vs 3 for Mustangs.
Shots for this period are 11 for Saguenéens vs 18 for Mustangs.
Back to the Top